 Dungeon Crawl Stone Soup version 0.28.0-45-g0d030f2227 (webtiles) character file.

Game seed: 5243091281329881719

159 MisterFreud the Cutter (level 5, -1/34 HPs)
             Began as an Octopode Gladiator on May 27, 2022.
             Slain by Menkaure (16 damage)
             ... on level 4 of the Dungeon.
             The game lasted 00:04:54 (4114 turns).

MisterFreud the Cutter (Octopode Gladiator)         Turns: 4114, Time: 00:04:54

Health: -1/34      AC:  1    Str: 14    XL:     5   Next: 40%
Magic:  5/5        EV: 14    Int: 10    God:
Gold:   143        SH:  0    Dex: 15    Spells: 4/4 levels left

rFire   . . .      SeeInvis .   a - +1 rapier
rCold   . . .      Faith    .   (no shield)
rNeg    . . .      Spirit   .   b - +0 hat
rPois   .          Reflect  .   (no amulet)
rElec   .          Harm     .   (no ring)
rCorr   .          Rampage  .   (no ring)
Will    .....                   (no ring)
Stlth   ++........              (no ring)
HPRegen 0.11/turn               (no ring)
MPRegen 0.09/turn               (no ring)
                                (no ring)
                                (no ring)

@: no status effects
A: almost no armour, amphibious, 8 rings, camouflage 1, gelatinous body 1,
(nimble swimmer 1), tentacles
a: no special abilities


You were on level 4 of the Dungeon.
You visited 1 branch of the dungeon, and saw 4 of its levels.

You collected 143 gold pieces.

Inventory:

Hand Weapons
 a - a +1 rapier (weapon)
Missiles
 c - 3 throwing nets (quivered)
 e - 5 poisoned darts
Armour
 b - a +0 hat (worn)
Scrolls
 k - a scroll of fear
Potions
 d - a potion of attraction {unknown}
 f - a potion of might {unknown}
 g - a potion of cancellation {unknown}
 h - a potion of resistance {unknown}
 i - a potion of flight {unknown}
 j - a potion of haste {unknown}


   Skills:
 - Level 2.0 Fighting
 + Level 5.9 Short Blades
 - Level 2.0 Throwing
 - Level 3.0 Dodging


You had 4 spell levels left.
You didn't know any spells.
Your spell library contained the following spells:

 Spells                   Type           Power      Damage    Failure   Level
 Confusing Touch          Hex            0%         N/A       75%         3
 Hailstorm                Conj/Ice       0%         3d3       98%         4
 Ice Form                 Ice/Tmut       0%         N/A       98%         4
 Yara's Violent Unravell  Hex/Tmut       0%         3d3       100%        5
 Simulacrum               Ice/Necr       0%         N/A       100%        6
 Enfeeble                 Hex            0%         N/A       100%        7


Dungeon Overview and Level Annotations

Branches:
Dungeon (4/15)
 Temple: D:4-7

Altars:

Annotations:
D:4 Menkaure


Innate Abilities, Weirdness & Mutations

You cannot wear most types of armour.
You are amphibious.
You can wear up to eight rings at the same time.
Your skin changes colour to match your surroundings (Stealth+).
Your rubbery body absorbs attacks. (AC +1, EV +1)
((You are camouflaged when in or above water. (Stealth+)))
You have tentacles for arms and can constrict up to eight enemies at once.


Message History

Found 11 arrows.
Found a scroll of torment.
k - a scroll of fear You see here a scroll of torment.
You see here 11 arrows.
A ball python comes into view.
A ball python is nearby!
A dart slug comes into view.
Found a crooked wooden wand.
The ball python hisses angrily.
A hobgoblin comes into view.
The ball python closely misses you. The ball python grabs you.
The ball python constricts you.
You hit the ball python but do no damage.
You grab the ball python. You constrict the ball python.
The hobgoblin shouts!
You hear a shout!
The ball python closely misses you. The ball python constricts you.
The dart slug bites you.
You hit the ball python.
The ball python is severely wounded.
You constrict the ball python.
You kill the ball python!
The dart slug closely misses you.
You hit the dart slug. You grab the dart slug. You squeeze the dart slug.
You kill the dart slug!
Menkaure, Prince of Dust comes into view.
The hobgoblin barely misses you.
You hit the hobgoblin. You grab the hobgoblin.
The hobgoblin is heavily wounded.
You constrict the hobgoblin. The hobgoblin hits you.
You hit the hobgoblin but do no damage.
The hobgoblin is almost dead.
You constrict the hobgoblin.
You kill the hobgoblin!
Okay, then.
Menkaure calls on the powers of darkness!
Your body is wracked with pain!
You see here a hobgoblin corpse.
Menkaure hits you!
You die...

##..## ##....#
#.....##
##.....?#
#.......##
#....†.†.#
##.......#####
###..†./....#
##.@..###..
##M..# ..#.#
#.#### ### .#
#... .. ..# .#
.# .# #


You could see Menkaure.

Vanquished Creatures
  An iguana (D:4)
  An orc wizard (D:4)
  4 adders
  A worm (D:2)
  3 dart slugs
  2 orcs
  5 ball pythons
  8 endoplasms
  2 giant cockroaches (D:2)
  5 goblins
  8 hobgoblins
  3 jackals (D:2)
  8 kobolds
  A quokka (D:1)
  2 bats
  2 frilled lizards
  7 rats
63 creatures vanquished.

Vanquished Creatures (others)
  An endoplasm (D:1)
  4 toadstools (D:1)
5 creatures vanquished.

Grand Total: 68 creatures vanquished

Notes
Turn   | Place    | Note
-------+----------+-------------------------------------------
     0 | D:1      | MisterFreud the Octopode Gladiator began the quest for the
                  | Orb.
     0 | D:1      | Reached XP level 1. HP: 14/14 MP: 1/1
   190 | D:1      | Reached XP level 2. HP: 14/19 MP: 2/2
   788 | D:1      | Reached skill level 4 in Short Blades
  1120 | D:2      | Reached XP level 3. HP: 24/24 MP: 3/3
  1305 | D:2      | Noticed a floating eye
  1310 | D:2      | Found a faded altar of an unknown god.
  1311 | D:2      | Noticed an eye of devastation
  1311 | D:2      | Noticed a shining eye
  1311 | D:2      | Noticed a shining eye
  1632 | D:2      | Reached XP level 4. HP: 29/29 MP: 4/4
  2407 | D:2      | Reached skill level 5 in Short Blades
  3481 | D:4      | Reached XP level 5. HP: 34/34 MP: 5/5
  3787 | D:4      | Noticed an ogre
  4109 | D:4      | Noticed Menkaure
  4114 | D:4      | Slain by Menkaure

Illustrated notes

Levels and vault maps discovered:
D:1:      ldierk_walled_garden_2, layout_rooms, minmay_misc_feat_hallway,
          minmay_strange_pillars, grunt_decor_junction, lemuel_flame_loot_1
D:2:      layout_basic, hellmonk_ecumenical_altar_watching_god,
          serial_co_window_serial, co_window_paths_b,
          co_window_of_opportunity_a, co_window_corner_a, co_window_paths_b,
          co_window_cross_1, co_window_corner_cb, co_window_of_opportunity_b,
          co_window_paths_c, co_window_unsneaky_path_c, co_window_broadway_c,
          co_window_4corner_b, co_window_paths_e, glass_columns_c,
          glass_columns_b
D:3:      layout_basic
D:4:      cheibrodos_greedy_goblins, layout_cave_pods,
          nicolae_shop_dragon_depot, uniq_menkaure

Skill      XL: |  1  2  3  4 |
---------------+-------------+-----
Short Blades   | 4 5 |  5.9
Fighting       | |  2.0
Throwing       | |  2.0
Dodging        | |  3.0

Action                   |  1- 3 |  4- 6 || total
-------------------------+-------+-------++-------
Melee: Rapier            |    65 |    61 ||   126
       Constrict         |    18 |    14 ||    32
       Tentacles         |    15 |     9 ||    24
       Punch             |     2 |     1 ||     3
  Use: Scroll            |     2 |     6 ||     8
 Stab: Sleeping          |     6 |     5 ||    11
Armor: Skin              |     2 |       ||     2
Dodge: Dodged            |    31 |    41 ||    72
